 Dungeon Crawl Stone Soup version 0.23.1 (webtiles) character file.

Game seed: 0

10400 elfaar the Cleaver (level 11, -3/148 HPs)
             Began as a Minotaur Berserker on Feb 28, 2019.
             Was a High Priest of Trog.
             Slain by an orc knight
             ... wielding a +0 war axe
              (24 damage)
             ... on level 2 of the Orcish Mines on Mar 1, 2019.
             The game lasted 01:30:19 (8023 turns).

elfaar the Cleaver (Minotaur Berserker)             Turns: 8023, Time: 01:30:19

Health: -3/148     AC:  2    Str: 29    XL:     11   Next: 35%
Magic:  10/10      EV:  9    Int:  4    God:    Trog [*****.]
Gold:   1148       SH: 12    Dex: 16    Spells: 10/10 levels left

rFire    + . .     SeeInvis .   a - +1 war axe
rCold    . . .     Gourm    .   B - +0 shield
rNeg     . . .     Faith    .   T - +1 plate armour
rPois    .         Spirit   .   (helmet restricted)
rElec    .         Reflect  .   q - +1 cloak
rCorr    .         Harm     .   g - +0 pair of gloves
MR       ++...                  (no boots)
Stlth    ..........             L - amulet of regeneration
HPRegen  1.74/turn              w - ring of protection from fire
MPRegen  0.12/turn              o - +5 ring of dexterity

@: mighty, berserking, corroded, starving, regenerating, very quick
A: retaliatory headbutt, horns 2
a: Berserk, Trog's Hand, Brothers in Arms, Renounce Religion


You were on level 2 of the Orcish Mines.
You worshipped Trog.
Trog was extremely pleased with you.
You were starving.

You visited 2 branches of the dungeon, and saw 12 of its levels.
You also visited: Sewer and Ossuary.

You collected 1148 gold pieces.

Inventory:

Hand Weapons
 a - a +1 war axe (weapon)
 u - a +2 dire flail of protection
 M - a +0 battleaxe
 O - a +1 long sword of electrocution
Missiles
 k - 287 stones
 r - 12 tomahawks (quivered)
 v - 2 tomahawks of dispersal
Armour
 g - a +0 pair of gloves (worn)
 q - a +1 cloak (worn)
 B - a +0 shield (worn)
 E - a +0 chain mail
 T - a +1 plate armour (worn)
Jewellery
 o - a +5 ring of dexterity (right hand)
 p - an uncursed ring of see invisible
 w - a ring of protection from fire (left hand)
 F - an uncursed amulet of the gourmand
 L - an amulet of regeneration (around neck)
 N - a cursed ring of attention {unknown}
Wands
 n - a wand of polymorph (6)
 H - a wand of enslavement (9)
 I - a wand of disintegration (13)
 R - a wand of flame (15)
 S - a wand of paralysis (7)
Scrolls
 e - 5 scrolls of teleportation
 i - 8 scrolls of remove curse
 y - a scroll of fear
 G - a scroll of blinking
Potions
 b - 6 potions of curing
 f - 2 potions of haste
 h - 2 potions of heal wounds
 j - 3 potions of might
 l - 2 potions of flight
 m - 3 potions of brilliance
 s - 2 potions of lignification {unknown}
 t - 2 potions of invisibility
 x - 3 potions of degeneration {unknown}
 A - 2 potions of agility {unknown}
 C - 2 potions of resistance {unknown}
Miscellaneous
 d - a phial of floods (inert)
Comestibles
 c - 23 rations


   Skills:
 + Level 9.6 Fighting
 + Level 14.3(14.4) Axes
 + Level 2.5(9.9) Maces & Flails
 + Level 1.8 Throwing
 + Level 9.0 Armour
 + Level 4.5 Dodging
 + Level 0.8 Stealth
 + Level 7.6 Shields
 + Level 0.4 Unarmed Combat
 + Level 0.3 Evocations


You had 10 spell levels left.
You didn't know any spells.
Your spell library was empty.

Dungeon Overview and Level Annotations

Branches:
Dungeon (10/15)            Temple (0/1) D:4             Orc (2/2) D:9
    Elf (0/3) Orc:2
   Lair: D:8-11

Altars:
Ashenzari
Fedhas
Gozag
Hepliaklqana
Nemelex Xobeh
Qazlal
Sif Muna
Trog
Wu Jian
Xom
Yredelemnul
Beogh
Jiyva

Shops:
D:4 *   Orc:1 ?

Annotations:
D:6 2 transporters, lapinsky's ghost, novice HOFi
D:8 3 runed translucent doors, HEYYEYAAE's ghost, novice OpHu


Innate Abilities, Weirdness & Mutations

You reflexively headbutt those who attack you in melee.
You have a pair of horns on your head.


Message History

Your skin crawls.
You feel resistant to hostile enchantments.
You are feeling very hungry.
Your plate armour prevents you from hitting the orc knight.
You headbutt the orc knight, but do no damage.
The orc knight is heavily wounded.
You block the orc knight's attack.
You hit the orc knight but do no damage.
You headbutt the orc knight, but do no damage.
The orc knight is heavily wounded.
You hit the orc knight.
You headbutt the orc knight, but do no damage.
The orc knight is heavily wounded.
The orc knight hits you with a +0 war axe!
* * * LOW HITPOINT WARNING * * *
A red film seems to cover your vision as you go berserk!
You feel yourself moving faster!
You feel mighty!
You are starving!
The orc knight hits you with a +0 war axe!!
You die...

## ###... ...
######........#
##.##.....# $.##
#.........##...# ##
#....#........##.#
##@o.#.............
#.................#
##............$..#.
###............$.#
#####........... ###
##.......... ###
##.###...#.).##..
##.###.......###.)##
#...#.......##
##)(##


You could see an orc knight.

Vanquished Creatures
  An orc warlord (Orc:2)
  An orc sorcerer (Orc:2)
  A cyclops (Orc:1)
  A troll (Orc:1)
  4 hippogriffs
  3 hogs (D:7)
  A yak (D:7)
  A human (D:7)
  A warg (Orc:1)
  Purgy (Sewer)
  11 orc warriors
  3 ogres
  3 phantoms
  The ghost of TheNamelessOne the Ducker, an amateur OpWr (D:3)
  2 centaurs
  2 crocodiles
  A wyvern zombie (D:8)
  3 bullfrogs
  2 gnoll sergeants
  A scorpion (D:5)
  6 killer bees (D:9)
  8 wights
  5 howler monkeys
  4 quasits
  2 bullfrog zombies
  A jelly (D:8)
  Crazy Yiuf (D:2)
  13 orc priests
  4 hounds
  7 iguanas
  8 worker ants
  7 orc wizards
  9 mummies
  A worker ant zombie (D:6)
  Robin (D:3)
  16 gnolls
  A howler monkey skeleton (D:4)
  12 adders
  2 adder zombies
  3 worms
  4 dart slugs
  2 leopard geckos
  42 orcs
  A ball python (D:3)
  3 giant cockroaches
  14 goblins
  7 hobgoblins
  12 jackals
  5 kobolds
  7 quokkas
  6 bats
  3 frilled lizards
  2 gnoll zombies (Ossuary)
  2 hobgoblin zombies (Ossuary)
  2 kobold zombies (Ossuary)
  2 orc zombies (Ossuary)
  3 quokka skeletons
  13 rats
285 creatures vanquished.

Vanquished Creatures (collateral kills)
  A two-headed ogre (D:9)
  An orc sorcerer (Orc:2)
  A rust devil (Orc:2)
  A troll (Orc:1)
  3 orc warriors (Orc:2)
  A wight (D:6)
  An orc priest (Orc:2)
  7 orcs
16 creatures vanquished.

Grand Total: 301 creatures vanquished

Notes
Turn   | Place    | Note
-------+----------+-------------------------------------------
     0 | D:1      | elfaar the Minotaur Berserker began the quest for the Orb.
     0 | D:1      | Reached XP level 1. HP: 19/19 MP: 0/0
   512 | D:1      | Reached XP level 2. HP: 27/27 MP: 1/1
   766 | D:2      | Reached skill level 4 in Axes
  1157 | D:2      | Found a runed translucent door.
  1158 | D:2      | Noticed Crazy Yiuf
  1170 | D:2      | Killed Crazy Yiuf
  1170 | D:2      | Reached XP level 3. HP: 32/34 MP: 2/2
  1472 | D:3      | Noticed Robin
  1473 | D:3      | Reached XP level 4. HP: 40/41 MP: 3/3
  1478 | D:3      | Killed Robin
  1485 | D:3      | Reached ** piety under Trog
  1490 | D:3      | Reached skill level 5 in Axes
  1910 | D:3      | Reached XP level 5. HP: 47/47 MP: 4/4
  2175 | D:3      | Noticed TheNamelessOne's ghost (amateur OpWr)
  2213 | D:3      | Found a transporter.
  2234 | D:3      | Found a transporter.
  2433 | D:4      | Reached skill level 5 in Fighting
  2579 | D:4      | Reached XP level 6. HP: 56/56 MP: 5/5
  2580 | D:4      | Reached *** piety under Trog
  2580 | D:4      | Reached skill level 6 in Axes
  2592 | D:4      | Found a staircase to the Ecumenical Temple.
  2717 | D:4      | Found Xigeboat's Assorted Antiques.
  2770 | D:4      | Upgraded the game from 0.23.0-42-geed6394 to 0.23.1
  2799 | D:4      | Found a glowing drain.
  2828 | Sewer    | Entered a sewer
  2966 | Sewer    | Noticed Purgy
  2974 | Sewer    | Killed Purgy
  2974 | Sewer    | Reached skill level 7 in Axes
  2974 | Sewer    | Reached XP level 7. HP: 62/62 MP: 6/6
  3066 | D:4      | Reached skill level 1 in Throwing
  3293 | D:5      | Entered Level 5 of the Dungeon
  3441 | D:5      | Found a bloodstained altar of Trog.
  3496 | D:5      | Reached skill level 1 in Shields
  3650 | D:5      | Found a sand-covered staircase.
  3659 | Ossuary  | Entered an ossuary
  3680 | Ossuary  | Reached skill level 8 in Axes
  3681 | Ossuary  | Reached **** piety under Trog
  4142 | D:5      | Found an ornate altar of the Wu Jian Council.
  4142 | D:5      | Found a sparkling altar of Nemelex Xobeh.
  4142 | D:5      | Found a shattered altar of Ashenzari.
  4142 | D:5      | Found a stormy altar of Qazlal.
  4148 | D:5      | Found a deep blue altar of Sif Muna.
  4148 | D:5      | Found a blossoming altar of Fedhas.
  4286 | D:6      | Reached XP level 8. HP: 70/70 MP: 7/7
  4310 | D:6      | Reached skill level 5 in Armour
  4311 | D:6      | Reached skill level 9 in Axes
  4502 | D:6      | Found a basalt altar of Yredelemnul.
  4735 | D:6      | Found a transporter.
  4736 | D:6      | Noticed lapinsky's ghost (novice HOFi)
  4775 | D:6      | Found a transporter.
  4903 | D:3      | Killed TheNamelessOne's ghost
  5254 | D:7      | Found an opulent altar of Gozag.
  5266 | D:7      | Found a shimmering altar of Xom.
  5305 | D:7      | Reached skill level 10 in Axes
  5443 | D:7      | Reached XP level 9. HP: 79/79 MP: 8/8
  5742 | D:8      | Reached skill level 11 in Axes
  5856 | D:8      | Found a runed translucent gate.
  5856 | D:8      | Found a runed translucent gate.
  5856 | D:8      | Found a runed translucent gate.
  5858 | D:8      | Found a viscous altar of Jiyva.
  5858 | D:8      | Noticed HEYYEYAAE's ghost (novice OpHu)
  5865 | D:8      | Found a hazy altar of Hepliaklqana.
  5866 | D:8      | You fall through a shaft!
  5866 | D:9      | Noticed a two-headed ogre
  5875 | D:9      | Reached ***** piety under Trog
  5882 | D:9      | Killed a two-headed ogre
  5882 | D:9      | Reached skill level 12 in Axes
  5882 | D:9      | Reached skill level 5 in Shields
  5882 | D:9      | Reached XP level 10. HP: 61/88 MP: 9/9
  5911 | D:9      | Found a staircase to the Orcish Mines.
  6156 | D:8      | Found a stormy altar of Qazlal.
  6195 | D:8      | You fall through a shaft for 2 floors!
  6195 | D:10     | Entered Level 10 of the Dungeon
  6222 | D:10     | Noticed a gargoyle
  6468 | D:9      | Received a gift from Trog
  6907 | Orc:1    | Entered Level 1 of the Orcish Mines
  6940 | Orc:1    | Reached skill level 13 in Axes
  7055 | Orc:1    | You fall through a shaft!
  7055 | Orc:2    | Entered Level 2 of the Orcish Mines
  7149 | Orc:2    | Noticed an orc sorcerer
  7152 | Orc:2    | Noticed an orc sorcerer
  7153 | Orc:2    | Paralysed by an orc sorcerer for 2 turns
  7154 | Orc:2    | Noticed a soul eater
  7443 | Orc:2    | Noticed an orc warlord
  7469 | Orc:2    | Killed an orc warlord
  7469 | Orc:2    | Reached XP level 11. HP: 28/97 MP: 10/10
  7582 | Orc:1    | Found Geph's Magic Scroll Boutique.
  7725 | Orc:2    | Reached skill level 14 in Axes
  7789 | Orc:2    | Found a staircase to the Elven Halls.
  7800 | Orc:2    | Noticed a soul eater
  7809 | Orc:2    | Killed an orc sorcerer
  7829 | Orc:2    | Killed an orc sorcerer
  7908 | Orc:2    | Found a roughly hewn altar of Beogh.
  7994 | Orc:2    | Noticed an orc knight
  8023 | Orc:2    | Slain by an orc knight

Skill      XL: |  1  2  3  4  5  6  7  8  9 10 11 |
---------------+----------------------------------+-----
Fighting       | 4 5 6 7 8 9 |  9.6
Axes           | 4 5 7 8 10 12 13 14 | 14.3
Armour         | 3 4 6 7 8 9 |  9.0
Throwing       | 1 |  1.8
Dodging        | 3 4 |  4.5
Shields        | 1 3 5 6 7 |  7.6
Maces & Flails | 2 |  2.5
Stealth        | |  0.8
Unarmed Combat | |  0.4
Evocations     | |  0.3

Action                   |  1- 3 |  4- 6 |  7- 9 | 10-12 || total
-------------------------+-------+-------+-------+-------++-------
Melee: Hand axe          |    66 |   160 |    15 |       ||   241
       Headbutt          |     9 |    30 |    62 |    75 ||   176
       Unarmed           |     3 |       |       |       ||     3
       War axe           |       |       |   228 |   281 ||   509
       Dire flail        |       |       |    10 |       ||    10
Throw: Stone             |     3 |    16 |     4 |       ||    23
       Throwing net      |       |     2 |       |       ||     2
       Tomahawk          |       |       |     4 |     6 ||    10
Invok: Berserk           |     1 |     5 |     3 |     5 ||    14
       Brothers in Arms  |       |       |     1 |     3 ||     4
       Trog's Hand       |       |       |       |     1 ||     1
Evoke: Phial of floods   |       |       |     1 |     1 ||     2
       Wand              |       |       |       |     1 ||     1
  Use: Scroll            |     3 |     2 |    12 |     4 ||    21
       Potion            |       |       |       |     3 ||     3
  Eat: Chunk             |     3 |     8 |    25 |     8 ||    44
       Ration            |       |       |     1 |       ||     1
Armor: Scale mail        |    24 |       |       |       ||    24
       Chain mail        |     2 |    87 |   153 |    64 ||   306
       Plate armour      |       |       |       |    81 ||    81
Dodge: Dodged            |    30 |    45 |    77 |    84 ||   236
Block: Shield            |       |    18 |   128 |   156 ||   302
